 Dungeon Crawl Stone Soup version 0.28.0-49-g6dfe1f597d (webtiles) character file.

Game seed: 13634028378427471461

149 101zpm the Magician (level 5, 0/35 HPs)
             Began as a Djinni Fire Elementalist on May 17, 2022.
             Killed by divine providence
             ... invoked by an orc priest
              (12 damage)
             ... on level 3 of the Dungeon.
             The game lasted 00:03:18 (1820 turns).

101zpm the Magician (Djinni Fire Elementalist)      Turns: 1820, Time: 00:03:19

Health: 0/35       AC:  2    Str:  7    XL:     5   Next: 57%
Gold:   62         EV: 12    Int: 18    God:
                   SH:  0    Dex: 14

rFire   + + .      SeeInvis .   (no weapon)
rCold   x . .      Faith    .   (no shield)
rNeg    . . .      Spirit   .   a - +0 robe
rPois   ∞          Reflect  .   (no helmet)
rElec   .          Harm     .   (no cloak)
rCorr   .          Rampage  .   (no gloves)
Will    .....                   (boots unavailable)
Stlth   ++........              (no amulet)
HPRegen 0.11/turn               (no ring)
MPRegen 0.00/turn               (no ring)

@: flying
A: sickness immunity, fire resistance 2, cold vulnerability 1, float, innate
caster, HP casting, extra vitality 1
a: no special abilities


You were on level 3 of the Dungeon.
You visited 1 branch of the dungeon, and saw 3 of its levels.

You collected 62 gold pieces.

Inventory:

Armour
 a - a +0 robe (worn)
Scrolls
 c - a scroll of identify {unknown}
 d - a scroll of magic mapping {unknown}
 e - 2 scrolls of vulnerability {unknown}
Potions
 b - a potion of degeneration {unknown}


   Skills:
 + Level 2.7 Dodging
 + Level 1.8 Stealth
 + Level 4.2 Spellcasting


You couldn't memorise any spells.
You knew the following spells:

 Your Spells              Type           Power      Damage    Failure   Level
a - Foxfire               Conj/Fire      76%        2x1d7     2%          1
b - Scorch                Fire           38%        2d7       3%          2
c - Conjure Flame         Conj/Fire      19%        6-21      8%          3
d - Inner Flame           Hex/Fire       19%        N/A       8%          3
e - Flame Wave            Conj/Fire      19%        2d6       24%         4
f - Apportation           Tloc           38%        N/A       2%          1
g - Call Imp              Summ           19%        N/A       3%          2
Your spell library was empty.

Dungeon Overview and Level Annotations

Branches:
Dungeon (3/15)

Altars:
Elyvilon


Innate Abilities, Weirdness & Mutations

You are immune to sickness and miasma.
You are immune to poison.
Your flesh is very heat resistant. (rF++)
You are vulnerable to cold. (rC-)
You float through the air rather than walking.
You learn spells naturally, not from books.
Your magical power is your life essence.
You have superior vitality. (+4 MHP)


Message History

An orc priest comes into view. It is wielding a +0 short sword.
You conjure some foxfire!
The foxfire hits the adder.
The adder is almost dead.
The orc priest invokes the aid of Beogh against you.
Beogh smites you!
Your foxfire dissipates!
You hear a shout!
You are too injured to fight recklessly!
Unknown command.
You are too injured to fight recklessly!
You are too injured to fight recklessly!
You are too injured to fight recklessly!
Unknown command.
Casting: Foxfire (safe; 2% risk of failure)
Press: ? - help, Q - select action, (/) - cycle Dir - look around, f - activate You conjure some foxfire!
The foxfire hits the adder.
You kill the adder!
The foxfire hits the orc priest.
The orc priest is lightly wounded.
Casting: Foxfire (safe; 2% risk of failure)
Press: ? - help, Q - select action, (/) - cycle Dir - look around, f - activate You conjure some foxfire!
The foxfire hits the orc priest but does no damage.
The orc priest is lightly wounded.
The foxfire hits the orc priest.
The orc priest is moderately wounded.
A kobold comes into view. It is wielding a +0 short sword.
The foxfire hits the orc priest but does no damage.
The orc priest is moderately wounded.
Casting: Foxfire (safe; 2% risk of failure)
Press: ? - help, Q - select action, (/) - cycle Dir - look around, f - activate You conjure some foxfire!
The foxfire hits the orc priest but does no damage.
The orc priest is moderately wounded.
The foxfire hits the orc priest but does no damage.
The orc priest is moderately wounded.
The orc priest calls down the wrath of Beogh upon you.
Beogh smites you!
You die...

###### #...###.....
#....# #.#......... .
#....# #........... ..
#....# #...........
.K.###....# #...........
...§§§....###...........
.§o.§§§.................
)..§#§§§..##............
..†.v.v@§.....)...†.....
.....§v§§...#..........#
......§.....#.........##
...........##.......).#
>..........#.<........#
...........#..........#
...........#...[.....##
.........#..........##
>.>....####


You could see an orc priest (ally target) and a kobold (ally target).

Vanquished Creatures
  Natasha (thrice) (D:2)
  4 adders
  2 dart slugs
  An orc (D:3)
  3 ball pythons (D:2)
  4 endoplasms (D:2)
  3 goblins
  3 hobgoblins
  2 kobolds
  A quokka (D:2)
  7 bats (D:2)
  A frilled lizard (D:2)
  4 rats
38 creatures vanquished.

Vanquished Creatures (others)
  168 foxfires
168 creatures vanquished.

Grand Total: 206 creatures vanquished

Notes
Turn   | Place    | Note
-------+----------+-------------------------------------------
     0 | D:1      | 101zpm the Djinni Fire Elementalist began the quest for the
                  | Orb.
     0 | D:1      | Reached XP level 1. HP: 15/15 MP: 0/0
    21 | D:2      | Noticed Natasha
    27 | D:2      | Noticed a crimson imp
    27 | D:2      | Killed Natasha
    28 | D:2      | Reached skill level 3 in Spellcasting
    28 | D:2      | Reached XP level 2. HP: 3/21 MP: 0/0
    28 | D:2      | Reached XP level 3. HP: 3/25 MP: 0/0
    28 | D:2      | Learned a level 1 spell: Apportation
   481 | D:2      | Noticed Natasha
   484 | D:2      | Killed Natasha
   485 | D:2      | Reached XP level 4. HP: 13/31 MP: 0/0
   730 | D:2      | Noticed Natasha
   736 | D:2      | Killed Natasha
   855 | D:2      | Found a white marble altar of Elyvilon.
   887 | D:2      | Reached XP level 5. HP: 32/35 MP: 0/0
   887 | D:2      | Learned a level 2 spell: Call Imp
  1039 | D:2      | Reached skill level 4 in Spellcasting
  1820 | D:3      | Killed from afar by an orc priest

Illustrated notes

Levels and vault maps discovered:
D:1:      dpeg_arrival_water_temple_mockup, layout_loops_ring,
          shapermc_ecumenical_altar_mp_vishouse, roderic_serpentine_path
D:2:      layout_rooms, basic_altar, kennysheep_generic_room_7, uniq_natasha
D:3:      layout_rooms, chequers_serial_rivers_room_a

Skill      XL: |  1  2  3  4  5 |
---------------+----------------+-----
Spellcasting   | 3 4 |  4.2
Dodging        | |  2.7
Stealth        | |  1.8

Action                   |  1- 3 |  4- 6 || total
-------------------------+-------+-------++-------
 Cast: Foxfire           |    21 |    84 ||   105
       Scorch            |     4 |     3 ||     7
       Call Imp          |       |     2 ||     2
Dodge: Dodged            |     3 |     1 ||     4
